 Dungeon Crawl Stone Soup version 0.30.1-11-g7821555f0a (webtiles) character file.

Game seed: 7003333572653407956

516 lonewolfV2 the Trooper (level 7, -1/58 HPs)
             Began as a Formicid Fighter on Nov 15, 2023.
             Slain by a gnoll
             ... wielding a +0 halberd
             ... led by a gnoll sergeant
              (8 damage)
             ... on level 5 of the Dungeon.
             The game lasted 00:06:01 (3831 turns).

lonewolfV2 the Trooper (Formicid Fighter)           Turns: 3831, Time: 00:06:01

Health: -1/58      AC:  6    Str: 20    XL:     7   Next: 44%
Magic:  7/7        EV:  8    Int:  8    God:
Gold:   205        SH: 10    Dex: 15    Spells: 6/6 levels left

rFire   . . .        c - +4 triple sword (venom)
rCold   . . .        g - +1 kite shield
rNeg    . . .        b - +0 scale mail
rPois   .            (helmet unavailable)
rElec   .            (no cloak)
rCorr   .            (no gloves)
SInv    +            (no boots)
Will    .....        (no amulet) Stlth
                     (no ring)
HPRegen 0.29/turn    (no ring)
MPRegen 0.10/turn

%: no passive effects
@: mighty
A: permanent stasis, dig shafts and tunnels, antennae 3, four strong arms
a: Dig, Shaft Self


You were on level 5 of the Dungeon.
You visited 1 branch of the dungeon, and saw 5 of its levels.

You collected 205 gold pieces.

Inventory:

Hand Weapons
 a - a +1 war axe
 c - a +4 triple sword of venom (weapon)
Missiles
 h - 2 throwing nets
Armour
 b - a +0 scale mail (worn)
 g - a +1 kite shield (worn)
Scrolls
 o - a scroll of fear
 p - a scroll of fog
Potions
 i - a potion of mutation {unknown}
 k - 2 potions of resistance
 l - 2 potions of degeneration {unknown}
 m - a potion of magic {unknown}
 n - a potion of cancellation {unknown}
 q - a potion of lignification {unknown}


   Skills:
 * Level 6.0 Fighting
 + Level 5.1 Long Blades
 - Level 2.9 Axes
 - Level 3.2 Armour
 - Level 4.0 Shields


You had 6 spell levels left.
You didn't know any spells.
Your spell library contained the following spells:

 Spells                   Type           Power      Damage    Failure   Level
 Beastly Appendage        Tmut           0%         N/A       96%         1
 Wereblood                Tmut           0%         N/A       99%         2
 Inner Flame              Hex/Fire       0%         N/A       100%        3
 Portal Projectile        Hex/Tloc       0%         N/A       100%        3
 Spider Form              Tmut/Pois      0%         N/A       100%        3
 Tukima's Dance           Hex            0%         N/A       100%        3
 Flame Wave               Conj/Fire      0%         2d4       100%        4
 Sticky Flame             Conj/Fire      0%         2d3       100%        4
 Blade Hands              Tmut           0%         N/A       100%        5


Dungeon Overview and Level Annotations

Branches:
Dungeon (5/15)
 Temple: D:4-7

Altars:
Cheibriados
Elyvilon
Okawaru

Shops:
D:2 *


Innate Abilities, Weirdness & Mutations

You cannot be hasted, slowed, berserked, paralysed or teleported.
You can dig through walls and to a lower floor.
You have a pair of large antennae on your head. (SInv)
Your four strong arms can wield two-handed weapons with a shield.


Message History

The gnoll sergeant hits you with a +3 trident of protection! x2
You block the gnoll's attack.
The gnoll sergeant hits you from afar with a +3 trident of protection!
* * * LOW HITPOINT WARNING * * *
You feel much better.
The gnoll sergeant throws a stone.
The stone hits you. You block the gnoll's attack.
The gnoll sergeant hits you from afar with a +3 trident of protection!
The gnoll hits you from afar with a +0 halberd!
You barely miss the gnoll. You block the gnoll's attack.
The gnoll sergeant hits you from afar with a +3 trident of protection!
* * * LOW HITPOINT WARNING * * *
You block the gnoll's attack. The gnoll barely misses you.
The gnoll sergeant hits you from afar with a +3 trident of protection.
* * * LOW HITPOINT WARNING * * *
The gnoll hits you but does no damage.
You slice the gnoll!!
You kill the gnoll!
You block the gnoll's attack.
The gnoll sergeant hits you from afar with a +3 trident of protection.
* * * LOW HITPOINT WARNING * * *
You feel better. You block the gnoll's attack.
The gnoll sergeant throws a stone.
The stone hits you.
* * * LOW HITPOINT WARNING * * *
You feel better. The gnoll closely misses you.
The gnoll sergeant barely misses you.
You feel very mighty all of a sudden.
The gnoll hits you from afar with a +0 halberd!
The gnoll sergeant hits you from afar with a +3 trident of protection!
* * * LOW HITPOINT WARNING * * *
You block the gnoll's attack. The gnoll sergeant barely misses you.
You block the gnoll's attack.
Things that are here:
a +0 spear; a gnoll corpse You slice the gnoll sergeant!!
The gnoll sergeant looks as sick as possible!
The gnoll sergeant is severely wounded.
You block the gnoll's attack. You block the gnoll sergeant's attack.
The gnoll misses you. The gnoll barely misses you.
The gnoll hits you with a +0 halberd!
You die...

###.##. ..## .....#. ...#
....... ...#
.......###...#
.......†.#...####
.....#.....)..... ...
####.###.... . . #.# . #.
#@### ###.####gg.# .#
#......gg#.# .####
#........#.######.....
#........#.##..........#
..........#.##..........#
.8........#.##....#.....
..........#.......#....
#..:......####....#...


You could see a gnoll sergeant (extremely poisoned) and 3 gnolls.

Vanquished Creatures
  Eustachio (D:5)
  A scorpion (D:4)
  An orc priest (D:5)
  A hound (D:5)
  2 iguanas (D:4)
  An orc wizard (D:5)
  4 adders
  2 gnolls
  A white imp (D:5)
  An ufetubus (D:3)
  3 worms
  2 dart slugs
  6 orcs
  6 endoplasms
  2 giant cockroaches (D:2)
  14 goblins
  8 hobgoblins
  8 jackals
  5 quokkas
  7 ball pythons
  5 bats
  5 frilled lizards
  12 kobolds
  5 rats
103 creatures vanquished.

Notes
Turn   | Place    | Note
-------+----------+-------------------------------------------
     0 | D:1      | lonewolfV2 the Formicid Fighter began the quest for the
                  | Orb.
     0 | D:1      | Reached XP level 1. HP: 18/18 MP: 1/1
   155 | D:1      | Reached XP level 2. HP: 24/24 MP: 2/2
   652 | D:1      | Reached XP level 3. HP: 27/30 MP: 3/3
   936 | D:1      | Identified a scroll of acquirement
   936 | D:1      | Acquired a +3 triple sword of electrocution
  1117 | D:2      | Reached skill level 1 in Long Blades
  1309 | D:2      | Found Ciasipru's General Store.
  1433 | D:2      | Reached XP level 4. HP: 37/37 MP: 4/4
  2003 | D:3      | Found an iron altar of Okawaru.
  2083 | D:3      | Reached XP level 5. HP: 39/42 MP: 5/5
  2160 | D:3      | Found a faded altar of an unknown god.
  2373 | D:3      | HP: 2/42 [constriction (1)]
  2865 | D:4      | Found a white marble altar of Elyvilon.
  2971 | D:4      | Reached skill level 4 in Fighting
  2971 | D:4      | Reached XP level 6. HP: 48/48 MP: 6/6
  3014 | D:4      | Found a snail-covered altar of Cheibriados.
  3250 | D:5      | Entered Level 5 of the Dungeon
  3303 | D:5      | Noticed Eustachio
  3321 | D:5      | Reached skill level 5 in Fighting
  3329 | D:5      | Killed Eustachio
  3330 | D:5      | Reached skill level 5 in Long Blades
  3330 | D:5      | Reached XP level 7. HP: 19/57 MP: 7/7
  3797 | D:5      | Reached skill level 6 in Fighting
  3831 | D:5      | Slain by a gnoll

Illustrated notes

Levels and vault maps discovered:
D:1:      lemuel_arrival_tunnels, layout_loops_ring, minmay_hedge_maze
D:2:      layout_basic, serial_shops, nicolae_shop_behind_doors,
          minmay_heptomino_o4
D:3:      layout_rooms, okawaru_altar_gauntlet_db,
          dilly_ecumenical_altar_fadedgnrine
D:4:      layout_rooms, elyvilon_altar_5, mainiacjoe_overflow_alcove_2,
          grunt_decor_junction
D:5:      layout_basic, zin_treasury, serial_shops,
          nicolae_shop_pleasant_corner_grove, minmay_misc_feat_four_crosses,
          st_stairs_1, minmay_liquid_box, patterned_corridor, uniq_eustachio

Skill      XL: |  1  2  3  4  5  6  7 |
---------------+----------------------+-----
Long Blades    | 1 3 4 5 |  5.1
Fighting       | 4 5 6 |  6.0
Axes           | |  2.9
Armour         | |  3.2
Shields        | |  4.0

Action                     |  1- 3 |  4- 6 |  7- 9 || total
---------------------------+-------+-------+-------++-------
  Melee: War axe           |    95 |       |       ||    95
         Triple sword      |    54 |   135 |     7 ||   196
    Use: Scroll            |     2 |    13 |       ||    15
         Potion            |       |     2 |     4 ||     6
 Armour: Scale mail        |    61 |   115 |     4 ||   180
  Dodge: Dodged            |    59 |    91 |     6 ||   156
  Block: Buckler           |     3 |       |       ||     3
         Kite shield       |    64 |   119 |    15 ||   198
